AoeStats
← FoldedAunt23528

Hideout

510042584Analyzed
1v1 RM · 3d ago on Sep 29, 2026· 33m 10s· 2 players
Game mode
Random Map
Map size
Tiny (2 player)
Population
200
Speed
Normal
Resources
Standard
Victory
Conquest
Starting age
Dark Age
Ending age
Imperial Age
RankedLock teamsTeams togetherTeam positionsShared explorationLock speedFull tech treeHidden civsTurbo modeCheats
Victory
Defeat
🇮🇳 Vikings · India
1183
+15
🇯🇵 Spanish · Japan
1171
-15
FoldedAunt23528
10:08 Feudal Age
14:15 Castle Age
12:14 Double-Bit Axe
12:52 Stone Mining
13:20 Horse Collar
15:09 Loom
15:40 Loom
16:19 Bow Saw
20:37 Town Watch
21:01 Fletching
21:54 Scale Barding Armor
24:43 Gold Mining
26:25 Chain Barding Armor
27:53 Elite Skirmisher
28:57 Bodkin Arrow
29:48 Padded Archer Armor
33:37 Ballistics
katzzu
7:26 Loom
9:35 Feudal Age
10:52 Double-Bit Axe
13:34 Fletching
17:55 Castle Age
16:33 Horse Collar
18:01 Crossbowman
19:31 Bodkin Arrow
24:56 Ballistics
25:21 Padded Archer Armor
28:25 Bow Saw
32:57 Imperial Age
31:37 Squires
31:41 Scale Mail Armor
33:02 Arbalester
Connection lost

Rejoining the realm…

Still unreachable

The connection could not be restored.

Session expired

The server has moved on; the page needs a fresh start.